 Seeded DCSS version 0.31-a0-325-g067879e3d3 (webtiles) character file.

Game seed: 14215367866634240820 (custom seed)

7 innerfire43 the Trooper (level 1, 0/18 HPs)
             Began as a Demonspawn Monk on July 17, 2023.
             Constricted to death by a ball python (1 damage)
             ... on level 1 of the Dungeon on July 18, 2023.
             The game lasted 00:00:18 (53 turns).

innerfire43 the Trooper (Demonspawn Monk)             Turns: 53, Time: 00:00:20

Health: 0/18       AC:  2    Str: 11    XL:     1   Next: 83%
Magic:  1/1        EV: 10    Int: 11    God:
Gold:   7          SH:  0    Dex: 15    Spells: 0/0 levels left

rFire   . . .        a - +0 hand axe
rCold   . . .        d - orb {light}
rNeg    . . .        b - +0 robe
rPois   .            (no helmet)
rElec   .            (no cloak)
rCorr   .            (no gloves)
SInv    .            (no boots)
Will    .....        (no amulet)
Stlth   +            (no ring)
HPRegen 0.23/turn    (no ring)
MPRegen 0.07/turn

%: no passive effects
@: glowing, constricted
A: no striking features
a: no special abilities


You were on level 1 of the Dungeon.
You visited 1 branch of the dungeon, and saw 1 of its levels.

You collected 7 gold pieces.

Inventory:

Hand Weapons
 a - a +0 hand axe (weapon)
Armour
 b - a +0 robe (worn)
 d - an orb of light (worn)
Scrolls
 e - a scroll of enchant weapon {unknown}
Potions
 c - a potion of ambrosia


   Skills:
 + Level 3.1 Fighting
 * Level 2.9 Axes
 + Level 2.8 Dodging


You couldn't memorise any spells.
You didn't know any spells.
Your spell library was empty.

Dungeon Overview and Level Annotations

Branches:
Dungeon (1/15)

Altars:


Message History

You hit the quokka. You hit the jackal. The jackal closely misses you.
The jackal bites you. The quokka bites you.
* * * LOW HITPOINT WARNING * * *
The jackal closely misses you.
You hit the jackal.
You kill the jackal!
You hit the jackal but do no damage. You hit the quokka. The jackal bites you.
* * * LOW HITPOINT WARNING * * *
The quokka misses you. The jackal barely misses you. x2
The quokka bites you but does no damage.
You barely miss the jackal. You hit the jackal but do no damage.
You hit the quokka but do no damage. The jackal completely misses you.
The jackal bites you but does no damage.
The quokka barely misses you.
The jackal bites you but does no damage.
You hit the jackal but do no damage. You closely miss the jackal.
You hit the quokka.
You kill the quokka!
The jackal misses you. The jackal bites you.
* * * LOW HITPOINT WARNING * * *
The jackal closely misses you.
You barely miss the jackal. You hit the jackal but do no damage.
You hit the ball python but do no damage.
The jackal misses you. The ball python barely misses you. x2
The jackal misses you. The jackal bites you.
* * * LOW HITPOINT WARNING * * *
The ball python barely misses you. x2; The jackal completely misses you.
You hit the jackal but do no damage. You barely miss the ball python.
You hit the jackal.
You kill the jackal!
The jackal bites you but does no damage.
The ball python barely misses you. The ball python grabs you.
The ball python constricts you.
You barely miss the jackal. You hit the jackal.
You hit the ball python but do no damage.
The jackal bites you but does no damage.
The jackal closely misses you. The ball python bites you.
* * * LOW HITPOINT WARNING * * *
The ball python constricts you.
You die...

#.# ............
#.##............ . #
#....~~~~≈~≈~~~~ .. #.
#....≈≈≈~≈≈≈≈≈≈≈ [. #.
#...(~~≈≈≈≈≈≈≈≈≈
###.#.###....~≈≈#+#'#≈≈≈
.............~≈≈+(..##'#
......Shh....≈≈≈+...#...
P.....#@##...~≈≈#'#'#.##
P.... #.##....~≈≈≈#...#.
..P. ..##..⌠..~≈~'.⌠.'.
♣.. ...##..⌠..≈~≈'.⌠.'.
♣. ....##....~≈≈≈#...#.
. ##...##...~~≈#+###.##
#........≈≈≈+ +...
....#....~≈≈+ ##+#
.......~~≈#


You could see 2 jackals and a ball python.

Vanquished Creatures
  A goblin (D:1)
  2 jackals (D:1)
  A quokka (D:1)
  A frilled lizard (D:1)
  A rat (D:1)
6 creatures vanquished.

Notes
Turn   | Place    | Note
-------+----------+-------------------------------------------
     0 | D:1      | innerfire43 the Demonspawn Monk began the quest for the
                  | Orb.
     0 | D:1      | Reached XP level 1. HP: 18/18 MP: 1/1
     0 | D:1      | Upgraded the game from 0.31-a0-321-g19405a7a6a to
                  | 0.31-a0-325-g067879e3d3
    53 | D:1      | Constricted to death by a ball python

Illustrated notes

Levels and vault maps discovered:
D:1:      dpeg_arrival_castle, layout_basic, serial_forest,
          infiniplex_forest_straight_2, infiniplex_forest_straight_3,
          infiniplex_forest_clump_double, infiniplex_forest_lined_1,
          infiniplex_forest_clump_small, infiniplex_forest_straight_2,
          infiniplex_forest_lined_3_way

Action                     || total
---------------------------++-------
  Melee: Hand axe          ||    12
 Armour: Robe              ||     6
  Dodge: Dodged            ||    30

Table legend: (Time is in decaauts)
 A = Elapsed time spent in this place.
 B = Non-inter-level travel time spent in this place.
 C = Inter-level travel time spent in this place.
 D = Time resting spent in this place.
 E = Time spent auto-exploring this place.
 F = Levels seen in this place.
 G = Mean time per level.
                   A        B        C        D        E       F      G
               +--------+--------+--------+--------+--------+-----+--------+
         Total |     56 |     56 |      0 |      0 |     36 |   1 |   56.0 |
       Dungeon |     56 |     56 |      0 |      0 |     36 |   1 |   56.0 |
               +--------+--------+--------+--------+--------+-----+--------+

Top non-repeatable levels by time:
     D:1: 56 daAuts
